 Dungeon Crawl Stone Soup version bcrawl-1.19.2-6-g6a88ae04c9 (webtiles) character file.

Game seed: 7510614254808843736

54288 MisterOstroum the Grappler (level 14, -17/133 HPs)
             Began as a Naga Transmuter on Jan 13, 2020.
             Was an Elder of Cheibriados.
             Killed from afar by a fire giant (21 damage)
             ... with a bolt of fire
             ... on level 12 of the Dungeon on Jan 14, 2020.
             The game lasted 02:21:45 (21575 turns).

MisterOstroum the Grappler (Naga Transmuter)       Turns: 21575, Time: 02:21:46

Health: -17/133    AC:  8    Str: 27    XL:     14   Next: 72%
Magic:  4/24       EV: 15    Int: 22    God:    Cheibriados [****..]
Gold:   2209       SH:  0    Dex: 25    Spells: 5/27 levels left

rFire    . . .     SeeInvis +     - Unarmed
rCold    + . .     Gourm    .   (shield currently unavailable)
rNeg     . . .     Faith    .   G - +0 steam dragon scales
rPois    +         Spirit   .   k - +0 helmet
rElec    .         Reflect  .   (no cloak)
rCorr    .         Harm     .   (gloves currently unavailable)
MR       +....                  (no barding)
Stlth    +++++.....             (no amulet)
HPRegen  0.32/turn              x - +4 ring of dexterity
MPRegen  0.19/turn              f - ring of protection from cold

@: blade hands, marked, very slow
A: large, see invisible, deformed body, poison resistance, slowness 2, slow
metabolism 1, spit poison 1, constrict 1, AC +4
a: Spit Poison, End Transformation, Bend Time, Temporal Distortion, Slouch,
Renounce Religion


You were on level 12 of the Dungeon.
You worshipped Cheibriados.
Cheibriados was greatly pleased with you.
You were hungry.
You had blades for hands.
You visited 3 branches of the dungeon, and saw 18 of its levels.
You also visited: Sewer.

You collected 2209 gold pieces.

Inventory:

Hand Weapons
 a - a +3 hunting sling of freezing (melded)
 L - a +0 quarterstaff of freezing
Missiles
 g - 4193 stones
 i - 867 sling bullets
 I - 2099 arrows
 Q - 2 throwing nets (quivered) {!f!f}
Armour
 k - a +0 helmet (worn)
 G - +0 steam dragon scales (worn)
 J - a +0 large shield
 R - a +0 shield
 S - a +0 buckler of protection
 X - a +0 pair of gloves (melded)
Magical Staves
 c - an uncursed staff of poison
Jewellery
 f - a ring of protection from cold (right scythe-like blade)
 q - an uncursed ring of poison resistance
 x - a +4 ring of dexterity (left scythe-like blade)
 M - an uncursed ring of ice
Wands
 r - a wand of polymorph (3)
 y - a wand of flame (30)
 B - a wand of disintegration (9)
 F - a wand of iceblast (12)
 K - a wand of acid (2)
 N - a wand of paralysis (19)
 Y - a wand of digging (7)
Scrolls
 h - 7 scrolls of remove curse {@r2}
 j - 3 scrolls of enchant weapon
 m - 6 scrolls of teleportation {@r3 !r}
 p - 2 scrolls of enchant armour
 t - a scroll of amnesia
 w - 3 scrolls of fog
 z - 2 scrolls of magic mapping
 D - a scroll of acquirement
 E - a scroll of identify {@r1}
 V - a scroll of vulnerability
Potions
 b - 4 potions of ambrosia
 d - 3 potions of lignification {@q6}
 l - 9 potions of curing {@q1 !q}
 n - 5 potions of brilliance
 o - 3 potions of resistance
 u - a potion of cancellation
 A - 3 potions of might {@q3 !q}
 C - a potion of magic
 O - 2 potions of agility {@q5 !q}
 P - 3 potions of flight
Miscellaneous
 U - a phantom mirror
 W - a lamp of fire
Comestibles
 e - 35 rations {!d}
 s - 12 chunks of flesh


   Skills:
 * Level 10.6 Fighting
 - Level 6.0 Dodging
 * Level 8.4 Stealth
 * Level 10.6 Unarmed Combat
 - Level 7.0 Spellcasting
 + Level 4.0 Conjurations
 - Level 5.0 Charms
 - Level 5.0 Necromancy
 - Level 10.2 Transmutations
 - Level 7.0 Ice Magic
 - Level 6.0 Poison Magic
 + Level 6.7 Invocations
 - Level 6.1 Evocations


You had 5 spell levels left.
You knew the following spells:

 Your Spells              Type           Power        Failure   Level  Hunger
a - Blade Hands           Tmut           ######....   28%         5    #####..
b - Sticks to Snakes      Tmut           ######..     9%          2    None
d - Irradiate             Conj/Tmut      #####.....   50%         5    #####..
H - Regeneration          Chrm/Necr      ####......   26%         3    None
S - Spider Form           Tmut/Pois      ###          14%         3    None
Y - Ice Form              Ice/Tmut       #####...     22%         4    ###....

Your spell library contained the following spells:

 Spells                   Type           Power        Failure   Level  Hunger
 Beastly Appendage        Tmut           ######       8%          1    None
 Animate Skeleton         Necr           N/A          16%         1    None
 Infusion                 Chrm           ####....     16%         1    None
 Pain                     Necr           ####..       16%         1    None
 Magic Dart               Conj           ####         19%         1    None
 Passwall                 Tmut/Erth      ####....     19%         2    None
 Searing Ray              Conj           ####....     22%         2    None
 Vampiric Draining        Necr           ####......   26%         3    None
 Iskenderun's Mystic Bla  Conj           ####....     32%         3    None
 Apportation              Tloc           #.....       43%         1    None
 Sandblast                Erth           #.....       43%         1    None
 Slow                     Hex            #.......     43%         1    None
 Summon Butterflies       Summ           #.......     43%         1    None
 Summon Small Mammal      Summ           #...         43%         1    None
 Petrify                  Tmut/Erth      ####....     45%         4    ###....
 Stone Arrow              Conj/Erth      ###...       47%         3    None
 Animate Dead             Necr           N/A          47%         4    ###....
 Call Imp                 Summ           #.....       50%         2    None
 Summon Ice Beast         Ice/Summ       ###.....     61%         4    ###....
 Call Canine Familiar     Summ           #.......     67%         3    None
 Fulminant Prism          Conj/Hex       ###.......   77%         4    ###....
 Bolt of Draining         Conj/Necr      ####......   77%         5    #####..
 Metabolic Englaciation   Hex/Ice        ###.......   86%         5    #####..
 Lightning Bolt           Conj/Air       ###.......   95%         5    #####..
 Lee's Rapid Deconstruct  Erth           #.........   99%         5    #####..
 Summon Lightning Spire   Summ/Air       #.......     99%         5    #####..
 Ozocubu's Refrigeration  Ice            #####.....   90%         6    ######.
 Simulacrum               Ice/Necr       ####......   96%         6    ######.
 Bolt of Cold             Conj/Ice       ####......   98%         6    ######.
 Freezing Cloud           Ice/Air        ###.......   100%        6    ######.
 Icicle Burst             Conj/Ice       ####......   100%        7    #######
 Chain Lightning          Conj/Air       ###.......   100%        8    #######
 Ignition                 Fire           #.........   100%        8    #######
 Shatter                  Erth           #.........   100%        9    #######
 Tornado                  Air            #.........   100%        9    #######


Dungeon Overview and Level Annotations

Branches:
Dungeon (12/12)            Temple (0/1) D:7            Lair (5/6) D:7
  Swamp (0/3) Lair:3       Spider (0/3) Lair:4          Orc (1/1) D:9
    Elf (0/3) Orc
  Slime: Lair:5-6    Vaults: D:11-12     Depths: D:12

Altars:
Cheibriados
Dithmenos
Elyvilon
Okawaru
Qazlal
Trog
Uskayaw
Xom
Zin
The Shining One
Beogh

Shops:
D:7 :   D:9 !   Orc ([

Annotations:
D:5 exclusion: 2 slaves, Sigmund
D:8 1 runed door
D:9 Gastronok
Lair:3 1 runed door, exclusion: door


Innate Abilities, Weirdness & Mutations

You cannot wear boots.
Your serpentine skin is tough. (AC +4)
You have supernaturally acute eyesight. (SInv)
Armour fits poorly on your strangely shaped body.
Your system is resistant to poisons. (rPois)
You cover ground very slowly.
You have a slow metabolism.
You can spit poison.
You can use your snake-like lower body to constrict enemies.


Message History

Cheibriados appreciates the change of pace.
Casting: Sticks to Snakes (safe; 9% risk of failure)
Confirm with . or Enter, or press ? or * to list all spells.
You create 3 snakes!
You now have arrows for 209 snakes.
The cyclops throws a large rock.
The large rock hits your adder!!
Your adder dies!
A phantom comes into view.
The warg barely misses you. The cyclops barely misses you.
Things that are here:
a +0 flail; a +0 chain mail You slash the cyclops!
You slash the cyclops, but do no damage.
The cyclops is moderately wounded.
Your adder bites the orc knight but does no damage.
The hornet zombie barely misses your adder.
The cyclops misses you. The orc knight misses your adder.
You shred the cyclops!!!
You kill the cyclops!
Cheibriados appreciates the change of pace.
You can now step out of the time flow.
Cheibriados raises the support of your attributes as your movement slows.
The hornet zombie misses your adder.
Your adder bites the orc knight but does no damage.
A vampire mosquito comes into view.
You slash the orc knight! You grab the orc knight.
The orc knight is lightly wounded.
You constrict the orc knight.
The hornet zombie completely misses your adder.
Your adder barely misses the orc knight.
The orc knight closely misses you.
Your adder bites the orc warrior.
You hit the orc knight.
The orc knight is moderately wounded.
You constrict the orc knight. The hornet zombie hits your adder!
Your adder dies!
Your adder bites the orc knight but does no damage.
A vampire mosquito comes into view.
The orc knight hits your adder with a +0 dire flail!
Your adder dies!
You hit the orc knight.
The orc knight is heavily wounded.
You constrict the orc knight.
Your adder bites the orc knight but does no damage.
A vampire mosquito comes into view.
A fire giant comes into view.
It is wielding a +0 great sword of flaming.
Your adder bites the hornet zombie.
The orc warrior hits you with a +0 war axe!
Your water moccasin bites the hornet zombie!
A guardian serpent comes into view.
The orc knight hits you with a +0 dire flail!
You slice the orc knight!!
The orc knight is almost dead.
You constrict the orc knight, but do no damage.
The hornet zombie hits you.
Your adder bites the orc knight but does no damage.
Your adder closely misses the hornet zombie.
Your water moccasin bites the hornet zombie!
The hornet zombie barely misses you.
The orc warrior hits you with a +0 war axe!!
Really harm near your adders and water moccasin?
You can feel time thicken for a moment.
You destroy the hornet zombie!
Cheibriados thoroughly appreciates the change of pace.
You kill your adder!
You kill your water moccasin!
You kill your adder!
You kill the orc knight!
Cheibriados thoroughly appreciates the change of pace.
You kill the orc!
Cheibriados thoroughly appreciates the change of pace.
You kill the warg!
Cheibriados thoroughly appreciates the change of pace.
Your Conjurations skill increases to level 4!
You destroy the vampire mosquito!
Cheibriados thoroughly appreciates the change of pace.
You destroy the vampire mosquito!
Cheibriados thoroughly appreciates the change of pace.
You are feeling hungry.
You can no longer step out of the time flow.
Cheibriados lowers the support of your attributes as your movement quickens.
The fire giant casts a spell at you. The bolt of fire hits you!
* * * LOW HITPOINT WARNING * * *
You can feel time thicken for a moment.
You kill the orc warrior!
Cheibriados thoroughly appreciates the change of pace.
You destroy the phantom!
Cheibriados thoroughly appreciates the change of pace.
You destroy the vampire mosquito!
Cheibriados thoroughly appreciates the change of pace.
You feel somewhat more hungry.
The fire giant gestures at you while chanting.
The fireball explodes!
The fireball engulfs you!
* * * LOW HITPOINT WARNING * * *
You can feel time thicken for a moment.
You kill the guardian serpent!
Cheibriados thoroughly appreciates the change of pace.
The guardian serpent's shape twists and changes as it dies.
You feel somewhat more hungry.
Cheibriados lowers the support of your attributes as your movement quickens.
The fire giant gestures at you while chanting.
The bolt of fire hits you!
You die...

.........# ..#......#
.........#
.........######
....†.†.......#
...†#.........#
.......††.....#
......)))#######
#.C.....@#####
#.........[..#
#............#
##............### #
#.......#.......# ≈§
#...............# ...
#...............# ...#
####.............#
...####........#..####.#


You could see a fire giant.

Vanquished Creatures
  Josephine (D:12)
  Erolcha (Orc)
  A yaktaur captain (D:10)
  Fannar (Lair:2)
  Harold (Lair:3)
  A catoblepas (D:11)
  5 hydras
  3 two-headed ogres
  A death knight (D:11)
  3 centaur warriors
  Urug (D:10)
  5 cyclopes
  3 orc knights
  A deep elf mage (D:12)
  An orb spider (Lair:4)
  An ugly thing (D:12)
  3 manticores
  10 elephants (Lair:5)
  A black mamba (Lair:2)
  A guardian serpent (shapeshifter) (D:12)
  Joseph (D:7)
  9 cane toads
  3 gargoyles
  4 komodo dragons
  A kobold demonologist (D:12)
  An efreet (D:10)
  A rime drake (Lair:2)
  6 centaur skeletons
  A redback zombie (D:12)
  5 trolls
  A polar bear (Lair:2)
  6 dream sheep (Lair:5)
  3 blink frogs (Lair:4)
  5 slime creatures
  3 hippogriffs
  A shadow (D:11)
  A human (D:7)
  2 basilisks
  6 wraiths
  5 wyverns
  3 hogs (D:7)
  39 yaks
  2 steam dragons (D:7)
  Eustachio (D:8)
  3 vampire mosquitoes (D:12)
  2 hungry ghosts
  A warg (D:12)
  7 crocodiles
  2 water moccasins
  7 porcupines
  4 ice beasts
  3 sky beasts
  A hornet zombie (D:12)
  A black bear (D:8)
  26 orc warriors
  A necrophage (D:5)
  4 phantoms
  5 ogres
  13 wolves
  4 centaurs
  2 big kobolds
  11 bullfrogs
  2 scorpions
  A killer bee (D:6)
  An electric eel (Lair:5)
  4 howler monkeys
  2 crimson imps (D:7)
  2 centaur zombies
  3 jellies
  8 hounds
  13 orc priests
  7 iguanas
  20 orc wizards
  Ijyb (D:3)
  Natasha (thrice) (D:3)
  6 worker ants
  A killer bee zombie (D:6)
  3 hound skeletons
  A howler monkey zombie (D:9)
  2 worker ant zombies
  Robin (D:4)
  6 adders
  5 shadow imps
  A white imp (D:10)
  4 adder zombies
  5 worms
  A dart slug (D:3)
  6 leopard geckos
  73 orcs
  2 bats
  4 giant cockroaches
  8 goblins
  10 hobgoblins
  26 jackals
  3 quokkas
  4 ball pythons
  8 frilled lizards
  19 kobolds
  A leopard gecko zombie (D:6)
  A quokka skeleton (D:4)
  10 rats
  8 plants (Sewer)
538 creatures vanquished.

Vanquished Creatures (collateral kills)
  A water moccasin (D:7)
1 creature vanquished.

Vanquished Creatures (others)
  A wolf (Lair:2)
  4 fungi
5 creatures vanquished.

Grand Total: 544 creatures vanquished

Notes
Turn   | Place    | Note
-------+----------+-------------------------------------------
     0 | D:1      | MisterOstroum the Naga Transmuter began the quest for the
                  | Orb.
     0 | D:1      | Reached XP level 1. HP: 18/18 MP: 3/3
     2 | D:1      | Noticed a naga
     2 | D:1      | Noticed a gargoyle
     4 | D:1      | Noticed a demigod
     4 | D:1      | Noticed a felid
     6 | D:1      | Noticed an octopode
     6 | D:1      | Noticed an elf
     8 | D:1      | Noticed a tengu
     8 | D:1      | Noticed a formicid
    10 | D:1      | Noticed a human
    10 | D:1      | Noticed a spriggan
    12 | D:1      | Noticed a ghoul
    12 | D:1      | Noticed a vampire
    16 | D:1      | Noticed a merfolk
    16 | D:1      | Noticed a halfling
    18 | D:1      | Noticed an ogre
    18 | D:1      | Noticed a troll
    21 | D:1      | Noticed a centaur
    21 | D:1      | Noticed a draconian
    23 | D:1      | Noticed a demonspawn
    23 | D:1      | Noticed a vine stalker
    25 | D:1      | Noticed a dwarf
    25 | D:1      | Noticed a minotaur
   192 | D:1      | Reached skill level 1 in Stealth
   192 | D:1      | Reached XP level 2. HP: 15/25 MP: 3/5
   345 | D:1      | Learned a level 2 spell: Sticks to Snakes
  1218 | D:2      | Reached XP level 3. HP: 31/31 MP: 6/6
  1346 | D:2      | Learned a level 3 spell: Spider Form
  1465 | D:2      | Noticed an ogre
  1495 | D:2      | Killed an ogre
  1495 | D:2      | Reached XP level 4. HP: 39/39 MP: 1/7
  1936 | D:2      | Found a faded altar of an unknown god.
  1939 | D:2      | Became a worshipper of Elyvilon the Healer
  1939 | D:2      | Reached * piety under Elyvilon
  2032 | D:3      | Noticed Natasha
  2040 | D:3      | Killed Natasha
  2072 | D:3      | Reached XP level 5. HP: 37/45 MP: 6/8
  2149 | D:3      | Found a shadowy altar of Dithmenos.
  2285 | D:3      | Noticed Natasha
  2291 | D:3      | Killed Natasha
  2382 | D:3      | Reached XP level 6. HP: 51/52 MP: 6/9
  2536 | D:3      | Noticed Ijyb
  2538 | D:3      | Reached ** piety under Elyvilon
  2556 | D:3      | Killed Ijyb
  2556 | D:3      | Reached skill level 5 in Stealth
  3004 | D:3      | Noticed Natasha
  3021 | D:3      | Killed Natasha
  3199 | D:4      | Learned a level 4 spell: Ice Form
  3237 | D:4      | Reached skill level 5 in Poison Magic
  3253 | D:4      | Noticed Robin
  3273 | D:4      | Killed Robin
  3396 | D:4      | Found a glowing silver altar of Zin.
  3405 | D:4      | Reached XP level 7. HP: 61/61 MP: 7/11
  3885 | D:5      | Entered Level 5 of the Dungeon
  4173 | D:5      | Reached skill level 1 in Ice Magic
  4344 | D:5      | Found a shimmering altar of Xom.
  4344 | D:5      | Found a stormy altar of Qazlal.
  4381 | D:5      | Noticed Eustachio
  4585 | D:5      | Reached *** piety under Elyvilon
  4594 | D:5      | Noticed Sigmund
  4823 | D:6      | Noticed a yak
  4842 | D:6      | Reached XP level 8. HP: 46/68 MP: 7/12
  4951 | D:6      | Found a hide-covered altar of Uskayaw.
  4951 | D:6      | Noticed a +0 dagger
  4951 | D:6      | Noticed a +0 dagger
  5123 | D:6      | Found a glowing drain.
  5141 | Sewer    | Entered a sewer
  6289 | D:6      | Got a fine robe
  6378 | D:6      | Noticed a two-headed ogre
  6390 | D:6      | Reached skill level 1 in Invocations
  6390 | D:6      | Reached skill level 1 in Evocations
  6452 | D:6      | Killed a two-headed ogre
  6452 | D:6      | Reached skill level 5 in Unarmed Combat
  6452 | D:6      | Reached skill level 5 in Transmutations
  6452 | D:6      | Reached XP level 9. HP: 53/78 MP: 4/15
  6745 | D:6      | Reached **** piety under Elyvilon
  7399 | D:7      | Found a staircase to the Ecumenical Temple.
  7417 | D:7      | Got an ancient ring mail
  7563 | D:7      | Found Reqibilo's Book Shoppe.
  7592 | D:7      | Noticed Joseph
  7646 | D:7      | Reached skill level 5 in Fighting
  7824 | D:7      | Reached skill level 5 in Ice Magic
  7824 | D:7      | Reached XP level 10. HP: 27/87 MP: 16/16
  8207 | D:7      | Found a snail-covered altar of Cheibriados.
  8275 | D:7      | Found a staircase to the Lair.
  8289 | D:7      | Found an iron altar of Okawaru.
  9129 | D:7      | Killed Joseph
  9378 | D:7      | Identified the +5 ring mail of Dim Light {+Fly Regen+ Str-4
                  | Dex+3} (You found it on level 7 of the Dungeon)
  9388 | D:7      | Identified the cursed +0 robe of Understanding {-Cast
                  | Int+4} (You found it on level 6 of the Dungeon)
  9439 | D:8      | Killed Eustachio
  9683 | D:8      | Found a glowing golden altar of the Shining One.
  9721 | D:8      | Got a ruby-encrusted leather armour
  9748 | D:8      | Reached ***** piety under Elyvilon
  9879 | D:8      | Found a glowing silver altar of Zin.
  9879 | D:8      | Noticed an angel
  9880 | D:8      | Found a runed door.
 10223 | D:9      | Noticed Gastronok
 10392 | Lair:1   | Entered Level 1 of the Lair of Beasts
 10716 | Lair:1   | Reached XP level 11. HP: 95/98 MP: 17/17
 11692 | Lair:2   | Reached skill level 5 in Dodging
 11733 | Lair:2   | Noticed Fannar
 11775 | Lair:2   | Killed Fannar
 11869 | Lair:2   | Learned a level 5 spell: Irradiate
 12056 | Lair:2   | Reached skill level 1 in Conjurations
 12391 | Lair:2   | Reached XP level 12. HP: 110/110 MP: 18/18
 12864 | Lair:3   | Noticed Harold
 12895 | Lair:3   | Killed Harold
 13370 | Lair:3   | Got a slimy ring mail
 13444 | Lair:3   | Noticed a five-headed hydra
 13458 | Lair:3   | Killed a five-headed hydra
 13561 | Lair:3   | Found a runed door.
 13687 | Lair:3   | Found a staircase to the Swamp.
 14548 | Lair:4   | Noticed a six-headed hydra
 14557 | Lair:4   | Killed a six-headed hydra
 14557 | Lair:4   | Noticed a seven-headed hydra
 14569 | Lair:4   | Killed a seven-headed hydra
 14631 | Lair:4   | Learned a level 5 spell: Blade Hands
 14653 | Lair:4   | Noticed a seven-headed hydra
 14656 | Lair:4   | Killed a seven-headed hydra
 14656 | Lair:4   | Reached skill level 5 in Spellcasting
 14656 | Lair:4   | Reached skill level 5 in Invocations
 15142 | Lair:4   | Found a hole to the Spider Nest.
 15157 | Lair:4   | Reached skill level 5 in Evocations
 15373 | D:7      | Fell from the grace of Elyvilon
 15373 | D:7      | Became a worshipper of Cheibriados the Contemplative
 15641 | Lair:5   | Gained mutation: You can use your snake-like lower body to
                  | constrict enemies. [Naga growth]
 15641 | Lair:5   | Reached XP level 13. HP: 36/121 MP: 14/22
 15652 | Lair:4   | HP: 1/121 [yak (15)]
 16007 | Lair:4   | Learned a level 3 spell: Regeneration
 16239 | Lair:5   | Reached skill level 10 in Transmutations
 16245 | Lair:5   | Reached * piety under Cheibriados
 16247 | Lair:5   | Reached skill level 1 in Charms
 16247 | Lair:5   | Reached skill level 1 in Necromancy
 16936 | Lair:5   | Got a polished ring mail
 17423 | D:9      | Found a staircase to the Orcish Mines.
 17724 | D:9      | Found Vyteat's Distillery.
 18000 | D:9      | Reached ** piety under Cheibriados
 18267 | Orc      | Entered the Orcish Mines
 18570 | Orc      | Found a roughly hewn altar of Beogh.
 18605 | Orc      | Found Cideasch's Antique Weapon Shoppe.
 18709 | Orc      | Reached *** piety under Cheibriados
 18956 | Orc      | Found a bloodstained altar of Trog.
 19151 | Orc      | Found a staircase to the Elven Halls.
 19252 | Orc      | Found Zuddy's Antique Armour Boutique.
 19257 | Orc      | Noticed Erolcha
 19261 | Orc      | Killed Erolcha
 19352 | Orc      | Found a roughly hewn altar of Beogh.
 19483 | Orc      | Noticed an orc warlord
 19615 | D:10     | Entered Level 10 of the Dungeon
 19678 | D:10     | Found a large runed door.
 19679 | D:10     | Found a large runed door.
 19851 | D:10     | Noticed Urug
 19862 | D:10     | Killed Urug
 20129 | D:10     | Reached skill level 5 in Necromancy
 20129 | D:10     | Reached XP level 14. HP: 73/130 MP: 19/24
 20165 | D:10     | Noticed a fire giant
 20190 | D:10     | Reached skill level 5 in Charms
 20260 | D:11     | Reached **** piety under Cheibriados
 20285 | D:11     | Reached skill level 10 in Unarmed Combat
 20386 | D:11     | Reached skill level 10 in Fighting
 20613 | D:11     | Identified a scroll of acquirement
 21142 | D:12     | Entered Level 12 of the Dungeon
 21182 | D:12     | Reached ***** piety under Cheibriados
 21183 | D:12     | Noticed Josephine
 21189 | D:12     | Killed Josephine
 21571 | D:12     | Noticed a fire giant
 21574 | D:12     | HP: 3/133 [fire giant/fireball (22)]
 21575 | D:12     | Killed from afar by a fire giant

Skill      XL: |  1  2  3  4  5  6  7  8  9 10 11 12 13 14 |
---------------+-------------------------------------------+-----
Stealth        | 1 2 3 4 5 8 |  8.4
Fighting       | 2 3 4 5 6 8 9 10 | 10.6
Poison Magic   | 2 4 5 6 |  6.0
Transmutations | 3 5 7 8 9 10 | 10.2
Dodging        | 2 4 5 6 |  6.0
Spellcasting   | 3 4 6 7 |  7.0
Ice Magic      | 1 3 5 7 |  7.0
Unarmed Combat | 5 6 8 9 10 | 10.6
Invocations    | 2 3 5 6 |  6.7
Evocations     | 2 3 5 6 |  6.1
Conjurations   | 1 2 4 |  4.0
Charms         | 4 5 |  5.0
Necromancy     | 5 |  5.0

Action                   |  1- 3 |  4- 6 |  7- 9 | 10-12 | 13-15 || total
-------------------------+-------+-------+-------+-------+-------++-------
Melee: Unarmed           |    38 |   111 |   456 |   466 |   390 ||  1461
       Headbutt          |     3 |       |       |       |       ||     3
       Punch             |     1 |       |     1 |     1 |    24 ||    27
       Quarterstaff      |       |       |       |     3 |       ||     3
       Constrict         |       |       |       |       |    82 ||    82
       Staff             |       |       |       |       |     3 ||     3
 Fire: Hunting sling     |       |       |       |       |   114 ||   114
Throw: Stone             |     1 |    21 |    22 |       |       ||    44
 Cast: Beastly Appendage |     6 |       |       |       |       ||     6
       Sticks to Snakes  |     4 |       |    11 |     7 |     2 ||    24
       Spider Form       |       |    14 |    21 |     2 |     3 ||    40
       Ice Form          |       |       |     3 |     5 |     9 ||    17
       Blade Hands       |       |       |       |     2 |    42 ||    44
       Regeneration      |       |       |       |       |    62 ||    62
Invok: Lesser Healing    |       |     1 |     3 |     8 |       ||    12
       Greater Healing   |       |       |       |     7 |       ||     7
       Purification      |       |       |       |     1 |       ||     1
       Temporal Distorti |       |       |       |       |     7 ||     7
       Bend Time         |       |       |       |       |     5 ||     5
       Slouch            |       |       |       |       |     5 ||     5
 Abil: Spit Poison       |    26 |    45 |    16 |    87 |     4 ||   178
       End Transformatio |       |       |     1 |     5 |    18 ||    24
Evoke: Wand              |       |       |     2 |     3 |    10 ||    15
  Use: Scroll            |     2 |     1 |     5 |     5 |    12 ||    25
       Potion            |       |       |       |       |     3 ||     3
 Stab: Sleeping          |       |       |    14 |    13 |     1 ||    28
       Distracted        |       |       |       |     3 |       ||     3
       Petrified         |       |       |       |       |     4 ||     4
  Eat: Chunk             |     2 |    11 |    20 |    29 |    31 ||    93
Armor: Robe              |     8 |     9 |    12 |       |       ||    29
       Skin              |       |     3 |    23 |    49 |     9 ||    84
       Steam dragon scal |       |       |       |     7 |    72 ||    79
Dodge: Dodged            |    17 |    73 |   275 |   398 |   275 ||  1038
